 Dungeon Crawl Stone Soup version 0.29.1-15-g9cfb28693d (webtiles) character file.

Game seed: 80732559455221296

1 Heoruswealwe the Caller (level 1, 0/10 HPs)
             Began as a Deep Elf Summoner on Mar 4, 2023.
             Slain by a hobgoblin (4 damage)
             ... on level 1 of the Dungeon.
             The game lasted 00:01:32 (63 turns).

Heoruswealwe the Caller (Deep Elf Summoner)           Turns: 63, Time: 00:01:32

Health: 0/10       AC:  2    Str:  5    XL:     1   Next: 16%
Magic:  1/6        EV: 12    Int: 19    God:
Gold:   0          SH:  0    Dex: 15    Spells: 5/6 levels left

rFire   . . .      SeeInvis .   (no weapon)
rCold   . . .      Faith    .   (no shield)
rNeg    . . .      Spirit   .   a - +0 robe
rPois   .          Reflect  .   (no helmet)
rElec   .          Harm     .   (no cloak)
rCorr   .          Rampage  .   (no gloves)
Will    .....                   (no boots)
Stlth   ++........              (no amulet)
HPRegen 0.03/turn               (no ring)
MPRegen 0.10/turn               (no ring)

@: no status effects
A: no striking features
a: no special abilities


You were on level 1 of the Dungeon.
You visited 1 branch of the dungeon, and saw 1 of its levels.

Inventory:

Armour
 a - a +0 robe (worn)
Potions
 b - a potion of magic
 c - a potion of curing {unknown}


   Skills:
 - Level 2.4 Dodging
 - Level 2.4 Stealth
 + Level 3.0 Spellcasting
 + Level 4.4 Summonings


You had 5 spell levels left.
You knew the following spells:

 Your Spells              Type           Power      Damage    Failure   Level
a - Summon Small Mammal   Summ           76%        N/A       2%          1

Your spell library contained the following spells:

 Spells                   Type           Power      Damage    Failure   Level
 Call Imp                 Summ           19%        N/A       3%          2
 Call Canine Familiar     Summ           19%        N/A       8%          3
 Summon Guardian Golem    Hex/Summ       11%        N/A       19%         3
 Summon Lightning Spire   Summ/Air       11%        N/A       52%         4


Dungeon Overview and Level Annotations

Branches:
Dungeon (1/15)

Altars:


Message History

Your quokka barely misses the hobgoblin.
Your bat closely misses the quokka.
Your quokka misses the hobgoblin. The quokka closely misses your bat.
The hobgoblin hits you.
Ouch! That really hurt!
The hobgoblin hits your quokka.
Your magical contamination has completely faded away.
Your bat hits the hobgoblin.
The hobgoblin dies!
Your quokka bites the quokka.
Your quokka closely misses the quokka.
Your bat barely misses the quokka.
Your bat misses the quokka. The quokka bites your bat.
Your quokka closely misses the quokka.
Your bat misses the quokka.
Your bat closely misses the quokka.
Your bat completely misses the hobgoblin.
The quokka misses your bat.
Your quokka bites the quokka but does no damage.
The hobgoblin hits your bat.
Your bat dies!
Your bat's corpse disappears in a puff of smoke!
You are too injured to fight recklessly!
Casting: Summon Small Mammal (safe; 2% risk of failure)
Confirm with . or Enter, or press ? or * to list all spells.
Your quokka closely misses the hobgoblin.
The quokka misses you.
Your quokka bites the quokka.
Your quokka misses the hobgoblin. The hobgoblin hits your quokka.
Your quokka dies!
Your quokka's corpse disappears in a puff of smoke!
The quokka barely misses your quokka.
Your quokka misses the quokka. The quokka barely misses your quokka.
The hobgoblin misses you.
Your quokka misses the quokka. The hobgoblin attacks as you move away!
The hobgoblin misses you. Something bites your quokka.
Your quokka bites the hobgoblin but does no damage.
Something bites your quokka.
Your quokka dies!
Your quokka's corpse disappears in a puff of smoke!
The hobgoblin attacks as you move away! The hobgoblin hits you.
The hobgoblin attacks as you move away! The hobgoblin hits you.
You die...

#............
.........#. .....#...
#.......g# ...
#.$......###>.# #..
... ....... ###..##?#
....#.. ......#.#
....... #...@##.......
###.g.........
###...........
####.............
#......r.##.####.
#####.##..#..# ...
##............####..#
##..................##
#....................


You could see a quokka and a hobgoblin.

Vanquished Creatures (collateral kills)
  A hobgoblin (D:1)
1 creature vanquished.

Notes
Turn   | Place    | Note
-------+----------+-------------------------------------------
     0 | D:1      | Heoruswealwe the Deep Elf Summoner began the quest for the
                  | Orb.
     0 | D:1      | Reached XP level 1. HP: 10/10 MP: 6/6
    63 | D:1      | Slain by a hobgoblin

Illustrated notes

Levels and vault maps discovered:
D:1:      tarquinn_simple_flora_water_d, layout_rooms

Action                   || total
-------------------------++-------
 Cast: Summon Small Mamm ||     6
Dodge: Dodged            ||     3
